 Seeded DCSS version 0.29-a0-231-g945431f764 (webtiles) character file.

Game seed: 7398478755600371734 (custom seed)

21 mcwallace the Bolt Thrower (level 3, -2/28 HPs)
             Began as a Formicid Hunter on Mar 1, 2022.
             Slain by Terence
             ... wielding a +0 morningstar
              (15 damage)
             ... on level 2 of the Dungeon.
             The game lasted 00:01:01 (1278 turns).

mcwallace the Bolt Thrower (Formicid Hunter)        Turns: 1278, Time: 00:01:01

Health: -2/28      AC:  3    Str: 16    XL:     3   Next: 5%
Magic:  3/3        EV: 12    Int: 10    God:
Gold:   48         SH:  0    Dex: 13    Spells: 2/2 levels left

rFire   . . .      SeeInvis +   a - +1 hand crossbow {crossbow}
rCold   . . .      Faith    .   (no shield)
rNeg    . . .      Spirit   .   b - +0 leather armour
rPois   .          Reflect  .   (helmet unavailable)
rElec   .          Harm     .   (no cloak)
rCorr   .          Rampage  .   (no gloves)
Will    .....                   (no boots)
Stlth   ++........              (no amulet)
HPRegen 0.09/turn               (no ring)
MPRegen 0.08/turn               (no ring)

@: no status effects
A: permanent stasis, dig shafts and tunnels, antennae 3, four strong arms
a: Dig, Shaft Self


You were on level 2 of the Dungeon.
You visited 1 branch of the dungeon, and saw 2 of its levels.

You collected 48 gold pieces.


Innate Abilities, Weirdness & Mutations

You cannot be hasted, slowed, berserked, paralysed or teleported.
You can dig through walls and to a lower floor.
You have a pair of large antennae on your head. (SInv)
Your four strong arms can wield two-handed weapons with a shield.


   Skills:
 + Level 2.5 Fighting
 + Level 4.2 Crossbows
 + Level 2.1 Dodging
 + Level 2.0 Stealth


You had 2 spell levels left.
You didn't know any spells.
Your spell library was empty.

Inventory:

Hand Weapons
 a - a +1 hand crossbow (weapon) {crossbow}
Missiles
 d - 29 stones {throwing}
Armour
 b - a +0 leather armour (worn)
 e - a +0 leather armour
   (You found it on level 1 of the Dungeon)
 f - a +0 pair of gloves
   (You found it on level 1 of the Dungeon)
 h - a +0 leather armour
   (You found it on level 1 of the Dungeon)
 i - a +0 leather armour
   (You found it on level 1 of the Dungeon)
Jewellery
 c - a ring of fire
   (You found it on level 1 of the Dungeon)
Scrolls
 j - a scroll of teleportation {unknown}
 k - a scroll of silence {unknown}
Potions
 g - a potion of lignification {unknown}

Dungeon Overview and Level Annotations

Branches:
Dungeon (2/15)

Altars:

Shops:
D:1 *

Annotations:
D:2 Terence

..... ####....#
......#.# ........#
# ........#.## ###
......#.#..#.# ..#
#..#.......# { #.#
#..@# ###. #.# #..@#
... #.# #†..# #.###
#.#
#..)##.#.#...###<###
#<.>................
#........#.#.#######
########.# #.{..# {
# ####..... ..$.


You could see Terence.


Message History

You now have 48 gold pieces (gained 2).
Key pressed, stopping explore.
No target in view!
k - a scroll labelled BUKHIAPALA No target in view!
Done exploring.
No target in view!
Done exploring.
No target in view!
Done exploring.
No target in view!
Done exploring.
No target in view!
Done exploring.
No target in view!
Done exploring.
You see here a +0 dagger {short}.
There is an open door here.
You open the door.
There is an open door here.
There is a stone staircase leading down here.
You climb downwards.
There is a stone staircase leading up here.
You sense a monster nearby.
Terence the Incautious comes into view.
He is wielding a +0 morningstar.
Terence shouts!
There is a stone staircase leading up here.
You climb upwards.
There is a stone staircase leading down here.
Okay, then.
There is a stone staircase leading down here.
You climb downwards.
Level annotation: Terence
Found a stone staircase leading down.
There is a stone staircase leading up here.
You shoot a bolt. The bolt hits the hobgoblin.
The hobgoblin shouts!
You hear a shout!
You shoot a bolt. The bolt hits the hobgoblin.
You kill the hobgoblin!
Your Stealth skill increases to level 2!
You shoot a bolt. The bolt hits the rat.
You kill the rat!
You have reached level 3!
Your experience leads to an increase in your attributes!
Increase (S)trength, (I)ntelligence, or (D)exterity?
You feel agile. x2 😎 HP[+5] MP[+1]
You now have 28 max hp (+5).
Your hp is fully restored (28).
Your mp is fully restored (3).
A kobold comes into view. It is wielding a +0 dagger.
You shoot a bolt. The bolt barely misses the kobold.
You shoot a bolt. The bolt completely misses the kobold.
The kobold misses you.
You shoot a bolt. The bolt barely misses the kobold.
The kobold hits you but does no damage.
You shoot a bolt. The bolt hits the kobold.
The kobold hits you with a +0 dagger. 😕 HP[-3]
You take 3 damage, and now have 25/28 hp.
You shoot a bolt. The bolt hits the kobold.
You kill the kobold!
No target in view!
No target in view!
No target in view!
No target in view!
Terence is nearby! 😕 HP[+1]
You shoot a bolt. The bolt barely misses Terence.
Terence shouts!
You shoot a bolt. The bolt hits Terence. 😕 HP[+1]
You shoot a bolt.
The bolt hits Terence but does no damage.
Terence barely misses you.
You shoot a bolt. The bolt hits Terence.
Terence hits you with a +0 morningstar. Terence barely misses you. 😕 HP[-4]
You take 4 damage, and now have 23/28 hp.
Unknown command.
Shoot: a) +1 hand crossbow {crossbow}
Press: ? - help, Q - select action, (/) - cycle Shift-Dir - straight line, f/p - Terence
Aim: Terence, wielding a +0 morningstar and wearing a +0 chain mail (moderately wounded, 70% to hit)
You shoot a bolt.
The bolt hits Terence but does no damage.
Terence barely misses you.
Shoot: a) +1 hand crossbow {crossbow}
Press: ? - help, Q - select action, (/) - cycle Shift-Dir - straight line, f/p - Terence
Aim: Terence, wielding a +0 morningstar and wearing a +0 chain mail (moderately wounded, 70% to hit)
You shoot a bolt. The bolt hits Terence.
Terence hits you with a +0 morningstar!
* * * LOW HITPOINT WARNING * * *
😨 HP[-10]
You take 10 damage, and now have 13/28 hp.
MASSIVE DAMAGE!! (PAUSE) Shoot: a) +1 hand crossbow {crossbow}
Press: ? - help, Q - select action, (/) - cycle Shift-Dir - straight line, f/p - Terence
Aim: Terence, wielding a +0 morningstar and wearing a +0 chain mail (heavily wounded, 70% to hit)
You shoot a bolt. The bolt hits Terence.
Terence hits you with a +0 morningstar!
Ouch! That really hurt!
You die...

Skill      XL: |  1  2 |
---------------+-------+-----
Dodging        | 2 |  2.1
Stealth        | 2 |  2.0
Fighting       | |  2.5
Crossbows      | |  4.2

Action                   || total
-------------------------++-------
 Fire: Hand crossbow     ||    70
 Abil: Dig               ||     3
Armor: Leather armour    ||    12
Dodge: Dodged            ||    17

Levels and vault maps discovered:
D:1:      evilmike_arrival_plus, layout_basic, serial_shops,
          nicolae_diamond_shop, basic_ecumenical_altar, minmay_box_of_dots
D:2:      layout_basic, uniq_terence

Notes
Turn   | Place    | Note
-------+----------+-------------------------------------------
     0 | D:1      | mcwallace the Formicid Hunter began the quest for the Orb.
     0 | D:1      | Reached XP level 1. HP: 16/16 MP: 1/1
     0 | D:1      | magus.rc [v1.9.6]
   202 | D:1      | Reached XP level 2. HP: 23/23 MP: 2/2
   396 | D:1      | Found Refaucue's General Store.
   473 | D:1      | Reached skill level 2 in Dodging
   923 | D:1      | Found a faded altar of an unknown god.
  1202 | D:2      | Noticed Terence
  1250 | D:2      | Reached skill level 2 in Stealth
  1251 | D:2      | Reached XP level 3. HP: 28/28 MP: 3/3
  1278 | D:2      | Slain by Terence

Vanquished Creatures
  2 ball pythons (D:1)
  A bat (D:1)
  4 endoplasms (D:1)
  2 goblins (D:1)
  2 hobgoblins
  3 kobolds
  A quokka (D:1)
  A frilled lizard (D:1)
  2 rats
18 creatures vanquished.

Table legend:
 A = Non-vault XP
 B = Vault XP
 C = Vault XP percentage of total XP
 D = Non-vault monster count
 E = Vault monster count
 F = Vault count percentage of total count
                 A         B        C        D         E       F
            +---------+---------+-------+---------+---------+-------
      Total |      26 |       5 |  16.1 |      15 |       3 |  16.7
            +---------+---------+-------+---------+---------+-------
        D:1 |      21 |       5 |  19.2 |      12 |       3 |  20.0
        D:2 |       5 |       0 |   0.0 |       3 |       0 |   0.0
            +---------+---------+-------+---------+---------+-------

Illustrated notes

Table legend:
 A = Kills in this place as a percentage of kills in entire the game.
 B = Kills by you in this place as a percentage of kills by you in the entire game.
 C = Kills by friends in this place as a percentage of kills by friends in the entire game.
 D = Other kills in this place as a percentage of other kills in the entire game.
 E = Experience gained in this place as a percentage of experience gained in the entire game.
 F = Experience gained in this place divided by the number of levels of this place that you have seen.
                   A       B       C       D       E      F
               +-------+-------+-------+-------+-------+----------------------
         Total | 100.0 | 100.0 |   N/A |   N/A | 100.0 |  15.5
       Dungeon | 100.0 | 100.0 |   N/A |   N/A | 100.0 |  15.5
               +-------+-------+-------+-------+-------+----------------------

Table legend: (Time is in decaauts)
 A = Elapsed time spent in this place.
 B = Non-inter-level travel time spent in this place.
 C = Inter-level travel time spent in this place.
 D = Time resting spent in this place.
 E = Time spent auto-exploring this place.
 F = Levels seen in this place.
 G = Mean time per level.
                   A        B        C        D        E       F      G
               +--------+--------+--------+--------+--------+-----+--------+
         Total |   1301 |   1216 |     85 |      0 |   1075 |   2 |  650.5 |
       Dungeon |   1301 |   1216 |     85 |      0 |   1075 |   2 |  650.5 |
               +--------+--------+--------+--------+--------+-----+--------+

Top non-repeatable levels by time:
     D:1: 1252 daAuts
     D:2: 49 daAuts
